 Dungeon Crawl Stone Soup version 0.30.1 (webtiles) character file.

Game seed: 4435242384868747363

1147 Arctor the Insei (level 8, -16/64 HPs)
             Began as an Octopode Transmuter on July 7, 2023.
             Was an Initiate of Cheibriados.
             Killed from afar by a steam dragon (25 damage)
             ... with a ball of steam
             ... on level 6 of the Dungeon.
             The game lasted 00:06:17 (4342 turns).

Arctor the Insei (Octopode Transmuter)              Turns: 4342, Time: 00:06:18

Health: -16/64     AC:  6    Str: 11    XL:     8   Next: 38%
Magic:  20/23      EV: 11    Int: 18    God:    Cheibriados [......]
Gold:   241        SH:  0    Dex: 13    Spells: 10/15 levels left

rFire   x .          .
                       - Unarmed
rCold   + + +        (shield currently unavailable)
rNeg    . . .        (helmet currently unavailable)
rPois   +            (no amulet)
rElec   .            d - ring of magical power
rCorr   .            (no ring)
SInv    .            (no ring)
Will    .....        (no ring)
Stlth   ++           (no ring)
HPRegen 0.30/turn    (no ring)
MPRegen 0.18/turn    (no ring)
                     (no ring)

%: no passive effects
@: ice-form, very slow
A: freezing attack, boosted hp, almost no armour, amphibious, 8 rings, large,
(camouflage 1), (gelatinous body 1), (nimble swimmer 1), (tentacles)
a: End Transformation, Renounce Religion


You were on level 6 of the Dungeon.
You worshipped Cheibriados.
Cheibriados was noncommittal.
You were a creature of crystalline ice.
You visited 2 branches of the dungeon, and saw 7 of its levels.

You collected 241 gold pieces.

Inventory:

Jewellery
 d - a ring of magical power (left front paw)
Wands
 h - a wand of polymorph (9)
Scrolls
 b - 2 scrolls of magic mapping
 e - a scroll of blinking
 f - 5 scrolls of teleportation
 i - 2 scrolls of amnesia
 j - a scroll of fog
 k - a scroll of identify
 l - a scroll of vulnerability {unknown}
Potions
 a - a potion of lignification
 c - 2 potions of curing
 g - 2 potions of flight {unknown}


   Skills:
 + Level 3.9 Fighting
 + Level 4.3 Dodging
 + Level 3.5 Stealth
 + Level 4.9 Unarmed Combat
 + Level 4.0 Spellcasting
 + Level 4.3 Transmutations
 + Level 2.5 Ice Magic


You had 10 spell levels left.
You knew the following spells:

 Your Spells              Type           Power      Damage    Failure   Level
a - Beastly Appendage     Tmut           38%        N/A       2%          1
b - Ice Form              Ice/Tmut       15%        N/A       34%         4

Your spell library contained the following spells:

 Spells                   Type           Power      Damage    Failure   Level
 Wereblood                Tmut           19%        N/A       3%          2
 Ozocubu's Armour         Ice            12%        N/A       16%         3
 Spider Form              Tmut/Pois      11%        N/A       19%         3
 Vhi's Electric Charge    Tloc/Air       6%         N/A       41%         3
 Metabolic Englaciation   Hex/Ice        4%         N/A       94%         5
 Arcjolt                  Conj/Air       1%         1d11      99%         5
 Plasma Beam              Fire/Air       1%         2x1d12    100%        6
 Simulacrum               Ice/Necr       4%         N/A       100%        6


Dungeon Overview and Level Annotations

Branches:
Dungeon (7/15)             Temple (1/1) D:6

Altars:
Ashenzari
Cheibriados
Dithmenos
Elyvilon
Gozag
Hepliaklqana
Kikubaaqudgha
Makhleb
Nemelex Xobeh
Okawaru
Qazlal
Ru
Trog
Uskayaw
Vehumet
Yredelemnul
Zin
The Shining One

Shops:
D:4 [*

Annotations:
D:4 Menkaure


Innate Abilities, Weirdness & Mutations

You are a creature of crystalline ice.
You have a powerful freezing melee attack.
Your maximum health is increased.
Your armour is entirely melded.
You are incapable of wielding weapons or throwing items.
You cannot wear most types of armour.
You are amphibious.
You can wear up to eight rings at the same time.
((Your skin changes colour to match your surroundings (Stealth+).))
((Your rubbery body absorbs attacks. (AC +1, EV +1)))
((You are camouflaged when in or above water. (Stealth+)))
((You have tentacles for arms and can constrict up to eight enemies at once.))


Message History

The ice beast hits you. The ice beast freezes you!
The iguana hisses angrily.
You tentacle-slap the ice beast but do no damage.
Your tentacle spike misses the ice beast.
Your squeeze misses the ice beast. The ice beast hits you.
The ice beast freezes you! The ice beast barely misses you.
Your transformation is almost over.
The ice beast closely misses you.
There is a stone staircase leading up here.
Really quaff the potion of lignification?
Okay, then.
Casting: Beastly Appendage (safe; 2% risk of failure)
Confirm with . or Enter, or press ? or * to list all spells.
The spell is quite dangerous to miscast (36% risk of failure)!
Continue anyway?
Your tentacle spike disappears.
You turn into a creature of crystalline ice.
The ice beast barely misses you.
You punch the ice beast!
The ice beast is heavily wounded.
You punch the ice beast!
You kill the ice beast!
Cheibriados appreciates the change of pace.
You barely miss the iguana. The iguana bites you!
* * * LOW HITPOINT WARNING * * *
You punch the iguana!
The iguana seems to slow down.
You freeze the iguana.
You kill the iguana!
You hit the orc. You freeze the orc.
The orc is moderately wounded.
The orc hits you but does no damage.
You hit the orc but do no damage.
The orc is moderately wounded.
The orc hits you with a +0 flail!
* * * LOW HITPOINT WARNING * * *
You punch the orc! You freeze the orc.
You kill the orc!
Cheibriados appreciates the change of pace.
The steam dragon breathes steam at you. The ball of steam hits you!!
The steam scalds you terribly!
You die...

##......###.# #.####.## #
#.# #..# #.# ##.# #.## ##
. ...######..##... ...
#...............
.....###########.........
#.......D§Y....#####...
(...$############# .. ##.
#


You could see a steam dragon (catching breath).

Vanquished Creatures
  Grinder (D:3)
  Sigmund (D:3)
  Duvessa (D:6)
  A water moccasin (D:6)
  2 ice beasts
  A centaur (D:7)
  A bullfrog (D:7)
  Dowan (D:6)
  An orc priest (D:3)
  An iguana (D:6)
  Terence (D:3)
  Natasha (D:3)
  4 adders
  A white imp (D:6)
  A worm (D:2)
  5 dart slugs
  6 orcs
  8 bats
  3 endoplasms
  2 giant cockroaches
  8 goblins
  5 hobgoblins
  8 jackals
  6 kobolds
  4 quokkas
  4 ball pythons
  5 frilled lizards
  7 rats
90 creatures vanquished.

Notes
Turn   | Place    | Note
-------+----------+-------------------------------------------
     0 | D:1      | Arctor the Octopode Transmuter began the quest for the Orb.
     0 | D:1      | Reached XP level 1. HP: 13/13 MP: 3/3
    93 | D:1      | Reached XP level 2. HP: 15/18 MP: 1/5
   678 | D:1      | Reached XP level 3. HP: 13/23 MP: 6/6
  1628 | D:2      | Identified the +2 cloak "Jeiteas" {rPois Slay+2}
  1657 | D:2      | Reached XP level 4. HP: 29/29 MP: 7/7
  1790 | D:2      | Found a faded altar of an unknown god.
  2118 | D:3      | Noticed Sigmund
  2131 | D:3      | Killed Sigmund
  2132 | D:3      | Reached XP level 5. HP: 22/35 MP: 9/9
  2132 | D:3      | Reached XP level 6. HP: 26/41 MP: 10/10
  2138 | D:3      | Learned a level 4 spell: Ice Form
  2273 | D:3      | Noticed Terence
  2283 | D:3      | Killed Terence
  2663 | D:3      | Noticed Grinder
  2672 | D:3      | Killed Grinder
  2673 | D:3      | Reached skill level 1 in Stealth
  2673 | D:3      | Reached skill level 1 in Ice Magic
  2673 | D:3      | Reached XP level 7. HP: 28/46 MP: 12/12
  2913 | D:3      | Noticed Natasha
  2917 | D:3      | Killed Natasha
  3339 | D:4      | Noticed Menkaure
  3339 | D:4      | Found Viocac's Assorted Antiques.
  3339 | D:4      | Found Hopupnamp's Armour Shop.
  3339 | D:4      | You fall into a shaft and drop 3 floors!
  3694 | D:6      | Noticed Duvessa
  3694 | D:6      | Noticed Dowan
  3694 | D:6      | Found a staircase to the Ecumenical Temple.
  3744 | D:6      | Killed Duvessa
  3745 | D:6      | Reached XP level 8. HP: 26/53 MP: 13/13
  3964 | D:6      | Killed Dowan
  3971 | Temple   | Entered the Ecumenical Temple
  4256 | Temple   | Became a worshipper of Cheibriados the Contemplative
  4342 | D:6      | Killed from afar by a steam dragon

Illustrated notes

Levels and vault maps discovered:
D:1:      elethiomel_arrival_shortcut, layout_basic, minmay_fountain_box,
          grunt_decor_cap, st_stairs_2, minmay_misc_feat_five
D:2:      layout_loops_ring, basic_ecumenical_altar
D:3:      layout_basic, uniq_natasha, uniq_terence, uniq_grinder, uniq_sigmund
D:4:      layout_basic, serial_shops, shop, nicolae_shop_back_alley_shop, shop,
          nicolae_shop_tiny_statue_garden, shop_fountains, uniq_menkaure
D:6:      layout_rooms, uniq_duvessa
D:7:      layout_gridville
Temple:   hc_temple_tempest_star

Skill      XL: |  1  2  3  4  5  6  7  8 |
---------------+-------------------------+-----
Fighting       | 2 3 |  3.9
Dodging        | 3 4 |  4.3
Unarmed Combat | 4 |  4.9
Spellcasting   | 3 4 |  4.0
Transmutations | 3 4 |  4.3
Stealth        | 1 2 3 |  3.5
Ice Magic      | 1 2 |  2.5

Action                     |  1- 3 |  4- 6 |  7- 9 || total
---------------------------+-------+-------+-------++-------
  Melee: Unarmed           |    89 |    70 |    75 ||   234
         Tentacles         |    17 |    20 |    13 ||    50
         Constrict         |    27 |    21 |     7 ||    55
         Kick              |    13 |    15 |     8 ||    36
         Punch             |     1 |     1 |       ||     2
   Cast: Beastly Appendage |    37 |    19 |    15 ||    71
         Ice Form          |       |       |     3 ||     3
    Use: Scroll            |       |     6 |     1 ||     7
         Potion            |       |     2 |     1 ||     3
   Stab: Sleeping          |     7 |     6 |     6 ||    19
 Armour: Skin              |     8 |     5 |     7 ||    20
  Dodge: Dodged            |    64 |    38 |    52 ||   154
